 Dungeon Crawl Stone Soup version 0.24.0-123-gd5b16e6ec5 (webtiles) character file.

Game seed: 4023516582774652519, levelgen mode: deterministic

17 FishyPogo the Stinger (level 2, -1/19 HPs)
             Began as a Demonspawn Venom Mage on Jan 12, 2020.
             Slain by a kobold
             ... wielding a +0 mace
              (4 damage)
             ... on level 2 of the Dungeon.
             The game lasted 00:03:16 (497 turns).

FishyPogo the Stinger (Demonspawn Venom Mage)        Turns: 497, Time: 00:03:17

Health: -1/19      AC:  3    Str:  8    XL:     2   Next: 44%
Magic:  1/5        EV: 12    Int: 16    God:
Gold:   15         SH:  0    Dex: 13    Spells: 2/5 levels left

rFire    . . .     SeeInvis .   b - +0 dagger (drain)
rCold    . . .     Gourm    .   (no shield)
rNeg     . . .     Faith    .   a - +0 robe
rPois    .         Spirit   .   (helmet restricted)
rElec    .         Reflect  .   e - +0 cloak
rCorr    .         Harm     .   (no gloves)
MR       .....                  (no boots)
Stlth    ++........             (no amulet)
HPRegen  0.06/turn              (no ring)
MPRegen  0.09/turn              (no ring)

@: lethally poisoned (-1 -> -7)
A: antennae 1
a: no special abilities


You were on level 2 of the Dungeon.
You were not hungry.

You visited 1 branch of the dungeon, and saw 3 of its levels.

You collected 15 gold pieces.

Inventory:

Hand Weapons
 b - a +0 dagger of draining (weapon)
Missiles
 h - 21 stones (quivered)
 i - 10 boomerangs
Armour
 a - a +0 robe (worn)
 d - a +0 helmet
 e - a +0 cloak (worn)
Scrolls
 g - a scroll of random uselessness
 k - a scroll of identify
Comestibles
 c - a ration
 f - 4 chunks of flesh


   Skills:
 + Level 0.6 Short Blades
 - Level 2.0 Dodging
 + Level 2.0 Stealth
 - Level 2.0 Spellcasting
 - Level 1.0 Conjurations
 + Level 3.3 Poison Magic


You had 2 spell levels left.
You knew the following spells:

 Your Spells              Type           Power        Failure   Level  Hunger
a - Sting                 Conj/Pois      #...         9%          1    #......
b - Poisonous Vapours     Pois/Air       #.....       16%         2    ###....

Your spell library contained the following spells:

 Spells                   Type           Power        Failure   Level  Hunger
 Mephitic Cloud           Conj/Pois/Air  #.......     34%         3    ###....
 Olgreb's Toxic Radiance  Pois           ##......     45%         4    #####..
 Venom Bolt               Conj/Pois      #.........   93%         5    ######.


Dungeon Overview and Level Annotations

Branches:
Dungeon (3/15)

Altars:


Innate Abilities, Weirdness & Mutations

You have a pair of small antennae on your head.


Message History

Unknown command.
Unknown command.
Saving game... please wait.
Welcome back, FishyPogo the Demonspawn Venom Mage.
Press ? for a list of commands and other information.
You aren't carrying any potions.
Unknown command.
As you read the scroll labeled ECYCEE JELOE, it crumbles to dust.
It is a scroll of identify.
g - a scroll of random uselessness The kobold hits you but does no damage.
The adder bites you.
* * * LOW HITPOINT WARNING * * *
You are lethally poisoned!
The adder poisons you!
As you read the scroll labeled OMOATA INN, it crumbles to dust.
You feel aware of your surroundings.
It was a scroll of magic mapping.
* * * LOW HITPOINT WARNING * * *
You feel sick. The adder closely misses you.
The kobold hits you with a +0 mace.
You die...

**,,,,,,,....................####
,+,,,,,,,....?.....)..........(>.
**,,,,,,,....................####
*,,,,,,,.)..................# #
*,,,,,,,....................# #
*,,,,,,,.......w########.(..# #
*,,,,,,,........# #....# #
*,,,,,,,......SK# #....# #
*,,,,,,,....%..@# ####.# #
*,,,,,,,......%.# ********.#***
***,****###.##### *,,,,,,,,.,,,
****,,* #.* *,,,,,,,,,,,,
,,***,** #,* *,,,,,,,,,,,, ,,*
*,,* *,* *,,,,,,,,,,,, ,,* **,**
*,* *,,,,,,,,,,,, ,,* *,,* *,*
*,,,,,,,,,,,, ,,* **,** *,*
*,,,,,,,,,,,,


You could see a worm, an adder and a kobold.

Vanquished Creatures
  A dart slug (D:1)
  A giant cockroach (D:1)
  4 goblins (D:1)
  A hobgoblin (D:1)
  3 kobolds
  A ball python (D:1)
  2 bats (D:1)
  A rat (D:1)
14 creatures vanquished.

Notes
Turn   | Place    | Note
-------+----------+-------------------------------------------
     0 | D:1      | FishyPogo the Demonspawn Venom Mage began the quest for the
                  | Orb.
     0 | D:1      | Reached XP level 1. HP: 13/13 MP: 3/3
   169 | D:1      | Gained mutation: You have a pair of small antennae on your
                  | head. [demonic ancestry]
   169 | D:1      | Reached XP level 2. HP: 19/19 MP: 0/5
   173 | D:1      | Learned a level 2 spell: Poisonous Vapours
   497 | D:2      | Slain by a kobold

Levels and vault maps discovered:
D:1:      minmay_arrival_five_plusses, layout_loops_ring, serial_bayou_lake_a
D:2:      layout_basic
D:3:      minmay_roachtagon, layout_basic, led_sif_book

Skill      XL: |  1  2 |
---------------+-------+-----
Dodging        | 2 |  2.0
Stealth        | 2 |  2.0
Short Blades   | |  0.6
Spellcasting   | |  2.0
Conjurations   | |  1.0
Poison Magic   | |  3.3

Action                   || total
-------------------------++-------
Melee: Dagger            ||     7
 Cast: Sting             ||    23
       Poisonous Vapours ||     2
  Use: Scroll            ||     2
Armor: Robe              ||     3
Dodge: Dodged            ||    19
